 Dungeon Crawl Stone Soup version 0.27.1-3-gb3d3a73c9e (webtiles) character file.

Game seed: 9286746142671966476

743 Turgor the Firebug (level 7, -14/50 HPs)
             Began as a Demigod Fire Elementalist on Oct 26, 2021.
             Splashed by an acid dragon's acid (15 damage)
             ... on level 5 of the Dungeon.
             The game lasted 00:27:39 (5111 turns).

Turgor the Firebug (Demigod Fire Elementalist)      Turns: 5111, Time: 00:27:39

Health: -14/50     AC: -4    Str:  9    XL:     7   Next: 23%
Magic:  7/16       EV: 12    Int: 25    God:
Gold:   38         SH:  0    Dex: 14    Spells: 4/14 levels left

rFire    . . .     SeeInvis .   m - +0 dagger (venom)
rCold    . . .     Faith    .   (no shield)
rNeg     . . .     Spirit   .   v - +2 robe {Will+}
rPois    .         Reflect  .   (no helmet)
rElec    .         Harm     .   (no cloak)
rCorr    .         Rampage  .   (no gloves)
Will     +....                  (no boots)
Stlth    ++........             b - amulet of regeneration
HPRegen  1.16/turn              (no ring)
MPRegen  0.15/turn              (no ring)

@: corroded
A: high mp 1, forlorn
a: no special abilities


You were on level 5 of the Dungeon.
You visited 1 branch of the dungeon, and saw 5 of its levels.

You collected 215 gold pieces.
You spent 177 gold pieces at shops.

Inventory:

Hand Weapons
 j - a +2 hand axe of electrocution
 m - a +0 dagger of venom (weapon)
Missiles
 c - 179 stones
 d - 4 silver javelins
 h - 21 poisoned darts (quivered)
 q - 7 boomerangs of dispersal
Armour
 v - a +2 robe of willpower (worn)
Jewellery
 b - an amulet of regeneration (around neck)
Wands
 t - a wand of iceblast (17)
Scrolls
 a - a scroll of immolation {unknown}
 e - a scroll of blinking {unknown}
 f - a scroll of enchant weapon {unknown}
 i - 2 scrolls of vulnerability {unknown}
 k - a scroll of acquirement {unknown}
 l - a scroll of teleportation {unknown}
 n - a scroll of enchant armour {unknown}
Potions
 g - 2 potions of curing
 o - a potion of haste {unknown}
 p - a potion of flight {unknown}
 r - a potion of berserk rage
 s - a potion of attraction {unknown}
 u - a potion of mutation {unknown}


   Skills:
 - Level 1.7 Dodging
 - Level 1.7 Stealth
 + Level 4.3 Spellcasting
 + Level 4.3 Conjurations
 + Level 5.1 Fire Magic


You had 4 spell levels left.
You knew the following spells:

 Your Spells              Type           Power      Damage    Failure   Level
a - Foxfire               Conj/Fire      100%       2x1d9     1%          1
b - Blink                 Tloc           N/A        N/A       14%         2
c - Conjure Flame         Conj/Fire      29%        6-21      3%          3
s - Sticky Flame          Conj/Fire      29%        2d5       13%         4

Your spell library contained the following spells:

 Spells                   Type           Power      Damage    Failure   Level
 Inner Flame              Hex/Fire       18%        N/A       10%         3
 Ensorcelled Hibernation  Hex/Ice        10%        N/A       14%         2
 Ozocubu's Armour         Ice            5%         N/A       26%         3
 Spider Form              Tmut/Pois      2%         N/A       26%         3
 Fireball                 Conj/Fire      14%        3d8       34%         5
 Manifold Assault         Tloc           5%         N/A       94%         5
 Metabolic Englaciation   Hex/Ice        2%         N/A       94%         5
 Shadow Creatures         Summ           N/A        N/A       100%        6
 Simulacrum               Ice/Necr       2%         N/A       100%        6
 Storm Form               Tmut/Air       2%         N/A       100%        7


Dungeon Overview and Level Annotations

Branches:
Dungeon (5/15)
 Temple: D:4-7

Shops:
D:5 [

Annotations:
D:3 1 runed translucent door, Crazy Yiuf
D:5 diceflayer's ghost, novice MiFi


Innate Abilities, Weirdness & Mutations

Your attributes grow dramatically as you level up.
You have an increased reservoir of magic. (+10% MP)
You shall have no god before yourself.


Message History

Okay, then.
Unknown command.
The acid dragon roars!
The acid dragon spits acid at you. The splash of acid hits you!
You are splashed with acid!
You feel better.
Casting: Conjure Flame (dangerous; 3% risk of failure)
Confirm with . or Enter, or press ? or * to list all spells.
The spell is quite dangerous to cast (13% risk of failure)!
Continue anyway?
Aiming: Sticky Flame (quite dangerous; 13% risk of failure)
Press: ? - help, Shift-Dir - straight line, f - acid dragon
Aim: an acid dragon (100% to hit)
The sticky flame hits the acid dragon.
The acid dragon is lightly wounded.
The acid dragon is covered in liquid flames!
The acid dragon burns!
The acid dragon spits acid at you. The splash of acid hits you!
The acid corrodes you!
You are splashed with acid!
* * * LOW HITPOINT WARNING * * *
You completely miss the acid dragon.
The acid dragon is heavily wounded.
The acid dragon burns!
The acid dragon barely misses you. The acid dragon claws you.
* * * LOW HITPOINT WARNING * * *
Unknown command.
Casting: Sticky Flame (quite dangerous; 13% risk of failure)
Confirm with . or Enter, or press ? or * to list all spells.
The spell is quite dangerous to cast (13% risk of failure)!
Continue anyway?
Aiming: Sticky Flame (quite dangerous; 13% risk of failure)
Press: ? - help, Shift-Dir - straight line, f/p - acid dragon
Aim: an acid dragon (heavily wounded, covered in liquid flames, 100% to hit)
The sticky flame hits the acid dragon.
The acid dragon is severely wounded.
The acid dragon is covered in liquid flames!
The acid dragon burns!
The acid dragon spits acid at you. The splash of acid hits you!
* * * LOW HITPOINT WARNING * * *
The acid corrodes you!
You are splashed with acid!
You die...

.# .#
#### .#
.#
...#.
.#
.....
.# ....
.# #..#
.###.#
..#
.....#
#D#
.###.##
#@##
.....>.
+..#
#######
##.#
.## #.#
..#
#.##
..#
#..#
#.#
##..#
#.#
+...#
#.#
#.#.#


You could see an acid dragon (burning, catching breath).

Vanquished Creatures
  A necrophage (D:5)
  2 ogres (D:5)
  2 bullfrogs
  A water moccasin skeleton (D:4)
  A hound (D:4)
  A centaur skeleton (D:5)
  An orc priest (D:5)
  4 gnolls
  7 adders
  A shadow imp (D:5)
  5 worms
  A dart slug (D:3)
  9 orcs
  7 ball pythons
  7 bats
  11 endoplasms
  5 giant cockroaches
  8 goblins
  5 hobgoblins
  6 jackals
  4 quokkas
  6 frilled lizards
  7 kobolds
  3 rats
105 creatures vanquished.

Vanquished Creatures (others)
  307 foxfires
307 creatures vanquished.

Grand Total: 412 creatures vanquished

Notes
Turn   | Place    | Note
-------+----------+-------------------------------------------
     0 | D:1      | Turgor the Demigod Fire Elementalist began the quest for
                  | the Orb.
     0 | D:1      | Reached XP level 1. HP: 14/14 MP: 5/5
     9 | D:1      | Reached skill level 1 in Conjurations
   276 | D:1      | Reached XP level 2. HP: 20/20 MP: 4/7
   450 | D:1      | Reached skill level 3 in Fire Magic
  1356 | D:2      | Reached XP level 3. HP: 26/26 MP: 5/9
  1784 | D:2      | Reached XP level 4. HP: 33/33 MP: 2/10
  1791 | D:2      | Learned a level 4 spell: Sticky Flame
  1795 | D:2      | Learned a level 3 spell: Conjure Flame
  2600 | D:3      | Noticed a bullfrog
  2607 | D:3      | Killed a bullfrog
  2612 | D:3      | Reached XP level 5. HP: 33/38 MP: 6/12
  2615 | D:3      | Learned a level 2 spell: Blink
  3192 | D:3      | Found a runed translucent door.
  3193 | D:3      | Noticed Crazy Yiuf
  3694 | D:4      | Reached skill level 4 in Fire Magic
  4117 | D:4      | Reached XP level 6. HP: 33/45 MP: 9/14
  4554 | D:5      | Entered Level 5 of the Dungeon
  4664 | D:5      | Noticed diceflayer's ghost (novice MiFi)
  4911 | D:5      | Reached skill level 5 in Fire Magic
  4911 | D:5      | Reached XP level 7. HP: 50/50 MP: 11/16
  4944 | D:5      | Found Niefouw's Armour Emporium.
  4953 | D:5      | Bought a +2 robe of willpower for 177 gold pieces
  5111 | D:5      | HP: 1/50 [acid dragon/splash of acid (12)]
  5111 | D:5      | Splashed by an acid dragon's acid

Illustrated notes

Levels and vault maps discovered:
D:1:      dpeg_arrival_arbitrary_a, layout_loops_ring,
          shapermc_ecumenical_altar_mp_ritualfount, st_stairs_12
D:2:      layout_basic
D:3:      layout_basic, uniq_crazy_yiuf_cottage
D:4:      layout_loops_ring, grunt_ministairs_5
D:5:      layout_loops_ring, pf_just_have_faith, gammafunk_ghost_icy,
          serial_shops, nicolae_shop_window_shopping, minmay_divided_ellipse

Skill      XL: |  1  2  3  4  5  6 |
---------------+-------------------+-----
Conjurations   | 1 2 3 4 |  4.3
Spellcasting   | 2 3 4 |  4.3
Fire Magic     | 3 4 5 |  5.1
Dodging        | |  1.7
Stealth        | |  1.7

Action                   |  1- 3 |  4- 6 |  7- 9 || total
-------------------------+-------+-------+-------++-------
Melee: Dagger            |    13 |    43 |     5 ||    61
       Unarmed           |     1 |       |       ||     1
Throw: Stone             |     1 |       |       ||     1
       Dart              |       |    18 |     2 ||    20
 Cast: Foxfire           |    67 |   122 |       ||   189
       Conjure Flame     |       |     3 |     1 ||     4
       Sticky Flame      |       |       |     2 ||     2
  Use: Scroll            |       |     2 |       ||     2
       Potion            |       |       |     2 ||     2
Armor: Robe              |     3 |     6 |       ||     9
Dodge: Dodged            |    16 |    37 |     3 ||    56
